 Dungeon Sprint DCSS version 0.16.2-12-gd0ad4c3 (webtiles) character file.

12 musteatbrain the Sneak (level 4, -1/30 HPs)
             Began as a Kobold Assassin on Oct 16, 2015.
             Was an Initiate of Jiyva.
             Killed from afar by a white imp (8 damage)
             ... with a puff of frost
             ... in the Dungeon (Sprint VI: "Thunderdome").
             The game lasted 00:02:38 (323 turns).

musteatbrain the Sneak (Kobold Assassin)             Turns: 323, Time: 00:02:38

Health: -1/30      AC:  3    Str: 23    XL:     4   Next: 54%
Magic:  4/4        EV: 19    Int:  5    God:    Jiyva [......]
Gold:   40         SH:  0    Dex: 21    Spells: 0 memorised, 3 levels left

rFire  x . .     SeeInvis .     a - +2 dagger
rCold  . . .     Clarity  .     c - +0 robe
rNeg   + + .     SustAb   .     (no shield)
rPois  .         Gourm    .     (no helmet)
rElec  .         Spirit   .     d - +0 cloak
rCorr  .         Warding  .     (no gloves)
rMut   .         NoTele   +     (no boots)
MR     +....                    h - amulet of Dawn {+Rage MR+ Str+5 Int-2}
Stlth  +++++.....               t - ring "Raemnif" {+Blink rF- rN+ Str+5 Int-2}
                                s - ring of the Okapi {rN+ Str+4 Dex+3}

@: somewhat resistant to hostile enchantments, quite stealthy
A: carnivore 3
a: Renounce Religion, Evoke Blink, Evoke Berserk Rage


You were in the Dungeon.
You worshipped Jiyva.
Jiyva was noncommittal.
You were not hungry.

You visited 1 branch You collected 220 gold pieces.
You spent 180 gold pieces at shops.

Inventory:

Hand weapons
 a - a +2 dagger (weapon)
 b - a +0 blowgun
Missiles
 e - 8 poisoned needles
 f - 2 curare-tipped needles
Armour
 c - a +0 robe (worn)
 d - a +0 cloak (worn)
Jewellery
 h - the amulet of Dawn (around neck) {+Rage MR+ Str+5 Int-2}
   (You bought it in a shop in the Dungeon)

   [amulet of rage]

   It affects your strength (+5).
   It affects your intelligence (-2).
   It affects your resistance to hostile enchantments.
   It lets you go berserk.
 s - the ring of the Okapi (left hand) {rN+ Str+4 Dex+3}
   (You bought it in a shop in the Dungeon)

   [ring of dexterity]

   It affects your strength (+4).
   It affects your dexterity (+3).
   It protects you from negative energy.
 t - the ring "Raemnif" (right hand) {+Blink rF- rN+ Str+5 Int-2}
   (You bought it in a shop in the Dungeon)

   [ring of positive energy]

   It affects your strength (+5).
   It affects your intelligence (-2).
   It makes you vulnerable to fire.
   It protects you from negative energy.
   It lets you blink.
Magical devices
 o - a wand of cold (5)
 p - a wand of fire (5)
Scrolls
 m - 4 scrolls of blinking
 q - 3 scrolls of fog
Potions
 i - 2 potions of heal wounds
 j - 4 potions of haste
 k - 2 potions of magic
 l - a potion of berserk rage
 n - a potion of resistance
Comestibles
 g - a meat ration


   Skills:
 + Level 4.6 Fighting
 + Level 5.9 Short Blades
 - Level 2.6 Throwing
 + Level 4.9 Dodging
 + Level 7.9 Stealth


You had 3 spell levels left.
You didn't know any spells.

Dungeon Overview and Level Annotations

Branches:
Dungeon (1/1)

Altars:
Cheibriados
Dithmenos
Fedhas
Gozag
Kikubaaqudgha
Makhleb
Okawaru
Qazlal
Ru
Sif Muna
Trog
Vehumet
Xom
Yredelemnul
Zin
The Shining One
Jiyva
Lugonu

Shops:
D *[%??*?*:[((!!!!


Innate Abilities, Weirdness & Mutations

You are small and have problems with some larger weapons.
You are carnivorous and can eat meat at any time.


Message History

No target in view!
No target in view!
You start resting.
Jiyva says: Divide and consume!
A white imp comes into view.
The white imp shouts, "Submit, thou froward dread-bolted cross-patch!"
You hit the white imp but do no damage. The white imp misses you.
You hit the white imp.
The white imp is lightly wounded.
You hit the white imp.
The white imp is severely wounded.
The white imp gestures at you. The puff of frost hits you!
* * * LOW HITPOINT WARNING * * *
You are too injured to fight recklessly!
You barely miss the white imp.
The white imp is severely wounded.
The white imp gestures at you. The puff of frost hits you!
You die...

#_........# #_........#
#........_# ###.........###
#⌠...........⌠#
######.8.........8.######
##∩___......###.....J___∩##
##∩".......8.# #.8........∩##
.............###@5...........
..........###J..###..........
..........# #.<.# #..........
..........###...###..........
.............###.............
##∩........8.# #.8........∩#
##∩_._......###......_._∩##
######.8.........8.######
#⌠...........⌠#


You could see a white imp and 2 neutral jellies (fellow slime).

Vanquished Creatures
  An iron imp (D)
  4 adders (D)
  A white imp (D)
  A ball python (D)
7 creatures vanquished.

Notes
Turn   | Place    | Note
--------------------------------------------------------------
     0 | D        | musteatbrain, the Kobold Assassin, began the quest for the Orb.
     0 | D        | Reached XP level 1. HP: 12/12 MP: 1/1
     1 | D        | Found a viscous altar of Jiyva.
     2 | D        | Found a stormy altar of Qazlal.
     3 | D        | Found a blossoming altar of Fedhas.
     3 | D        | Found a sacrificial altar of Ru.
     4 | D        | Found Shikh's Advanced Armour.
     4 | D        | Found Cleob's Identification Station.
     4 | D        | Found a shadowy altar of Dithmenos.
     4 | D        | Found a glowing golden altar of the Shining One.
     5 | D        | Found an opulent altar of Gozag.
     5 | D        | Round 1.
     6 | D        | Found Mafimnirph's Jewellery.
     6 | D        | Found Sonnouv's Bee Food.
    11 | D        | Became a worshipper of Jiyva Jiseseas the Shapeless
    25 | D        | Bought a glittering golden amulet for 45 gold pieces
    25 | D        | Bought a sparkling lead ring for 45 gold pieces
    25 | D        | Bought a brightly glowing lapis lazuli ring for 45 gold pieces
    33 | D        | Reached skill level 6 in Stealth
    33 | D        | Reached XP level 2. HP: 4/19 MP: 2/2
   135 | D        | Identified the amulet of Skoi {Clar Dex+8 Slay-5} (You bought it in a shop in the Dungeon)
   136 | D        | Identified the ring of the Okapi {rN+ Str+4 Dex+3} (You bought it in a shop in the Dungeon)
   141 | D        | Identified the ring "Raemnif" {+Blink rF- rN+ Str+5 Int-2} (You bought it in a shop in the Dungeon)
   143 | D        | Bought a scorched golden amulet for 45 gold pieces
   143 | D        | Identified the amulet of Dawn {+Rage MR+ Str+5 Int-2} (You bought it in a shop in the Dungeon)
   164 | D        | Reached XP level 3. HP: 10/23 MP: 3/3
   173 | D        | Arena points: 12 (+12) [x2]
   173 | D        | Reached skill level 7 in Stealth
   178 | D        | Found a corrupted altar of Lugonu.
   180 | D        | Found a snail-covered altar of Cheibriados.
   181 | D        | Found Kiunat's Magic Scroll Shop.
   183 | D        | Found Quol's Magic Scroll Shop.
   184 | D        | Found an iron altar of Okawaru.
   187 | D        | Found Bues' Staff Store.
   187 | D        | Found Fogog's Must-Have Magic.
   191 | D        | Found a basalt altar of Yredelemnul.
   194 | D        | Found a deep blue altar of Sif Muna.
   196 | D        | Found a glowing silver altar of Zin.
   198 | D        | Found Doneg's Distillery.
   199 | D        | Found Kiapin's Distillery.
   201 | D        | Found a shimmering altar of Xom.
   202 | D        | Found a burning altar of Makhleb.
   203 | D        | Found Cluah's Bottled Wisdom.
   203 | D        | Found Fiwniojie's Do-It-Yourself Clinic.
   205 | D        | Found an ancient bone altar of Kikubaaqudgha.
   206 | D        | Found a bloodstained altar of Trog.
   207 | D        | Found a radiant altar of Vehumet.
   210 | D        | Found Baotsubb's Weapon Rack.
   210 | D        | Found Saena's Basic Armour.
   211 | D        | Found Jaet's Premium Goods.
   211 | D        | Found Osiogg's Miscellaneous Merchandise.
   213 | D        | Round 2.
   247 | D        | Reached skill level 5 in Short Blades
   247 | D        | Reached XP level 4. HP: 25/30 MP: 4/4
   323 | D        | Killed from afar by a white imp

Action                   |  1- 3 |  4- 6 || total
-------------------------+-------+-------++-------
Melee: Dagger            |    48 |    16 ||    64
  Use: Potion            |     3 |       ||     3
